AoeStats
← WonderbraM

Nomad

508286404Analyzed
3v3 RM · 10d ago on Sep 21, 2026· 70m 53s· 6 players
Game mode
Random Map
Map size
210×210
Population
200
Speed
Normal
Resources
Standard
Victory
Conquest
Starting age
Dark Age
Ending age
Imperial Age
RankedLock teamsTeams togetherTeam positionsShared explorationLock speedFull tech treeHidden civsTurbo modeCheats
Victory
Defeat
745
+15
🇺🇸 Poles · United States
733
+16
726
+16
🇧🇪 Sicilians · Belgium
742
-16
🇧🇪 Celts · Belgium
737
-17
🇧🇪 Huns · Belgium
696
-14
WonderbraM
4:33 Loom
16:45 Feudal Age
17:16 Town Watch
17:34 Arson
18:32 Wheelbarrow
17:58 Double-Bit Axe
24:35 Stone Mining
24:36 Gold Mining
29:15 Forging
29:07 Scale Mail Armor
29:07 Fishing Lines
29:48 Fletching
34:29 Castle Age
34:32 Pikeman
35:49 Bow Saw
36:18 Gold Shaft Mining
36:22 Stone Shaft Mining
41:40 Hand Cart
42:20 Scale Mail Armor
44:58 Iron Casting
47:52 Crossbowman
52:22 Ballistics
51:58 Murder Holes
52:01 Gillnets
52:27 Bodkin Arrow
52:39 Scale Barding Armor
52:53 Chain Mail Armor
52:14 Elite Skirmisher
58:10 Imperial Age
61:12 Conscription
61:15 First Crusade
61:24 Conscription
MrSummertime
6:40 Loom
14:43 Feudal Age
16:12 Man-at-Arms
17:36 Wheelbarrow
17:03 Fletching
17:25 Forging
17:15 Arson
17:38 Scale Mail Armor
17:44 Fishing Lines
18:00 Double-Bit Axe
29:16 Castle Age
27:08 Horse Collar
30:49 Medium Warships
33:29 Guard Tower
33:32 Fletching
34:19 Iron Casting
34:30 Hand Cart
37:03 Imperial Age
34:46 Gambesons
34:22 Long Swordsman
36:17 Murder Holes
36:43 Heavy Plow
36:57 Bow Saw
38:41 Bodkin Arrow
39:04 Masonry
41:29 Gold Mining
41:47 Capped Ram
46:14 Siege Ram
48:53 Ballistics
53:49 Chemistry
53:33 Two-Handed Swordsman
57:16 Iron Casting
57:28 Pikeman
Amoe(BE)
13:36 Feudal Age
15:58 Man-at-Arms
19:54 Forging
19:45 Scale Mail Armor
23:06 Double-Bit Axe
23:54 Fletching
26:58 Castle Age
26:00 Bloodlines
26:29 Arson
27:18 Long Swordsman
27:59 Squires
28:15 Bow Saw
28:30 Husbandry
28:42 Pikeman
30:11 Light Cavalry
32:00 Bodkin Arrow
34:11 Chain Mail Armor
34:56 Wheelbarrow
35:01 Scale Barding Armor
36:25 Hand Cart
41:17 Imperial Age
40:39 Iron Casting
40:25 Chain Barding Armor
40:44 Iron Casting
41:03 Murder Holes
41:29 Ballistics
42:57 Conscription
42:03 Halberdier
43:50 Two-Handed Swordsman
44:15 Elite Tarkan
48:49 Marauders
52:04 Hussar
58:20 Plate Barding Armor
59:21 Two-Man Saw
Trakturek《🚜》Zetturek
5:37 Loom
16:03 Feudal Age
16:55 Fishing Lines
18:02 Wheelbarrow
19:13 Double-Bit Axe
26:11 Castle Age
24:07 Stone Mining
24:07 Gold Mining
27:48 Bow Saw
27:56 Hand Cart
28:24 Stone Shaft Mining
28:47 Elite Skirmisher
29:32 Thumb Ring
30:24 Gillnets
33:21 Scale Barding Armor
33:17 Padded Archer Armor
33:08 Fletching
38:52 Imperial Age
37:03 Murder Holes
40:49 Chemistry
40:10 Ballistics
40:24 Paper Money
40:05 Chatras
39:26 Elite Rattan Archer
39:49 Imperial Skirmisher
41:14 Leather Archer Armor
40:54 Bodkin Arrow
41:24 Chain Barding Armor
43:42 Ring Archer Armor
43:12 Bracer
44:55 Elite Fire Lancer
47:17 Squires
46:37 Pikeman
52:47 Scale Mail Armor
52:58 Forging
53:23 Plate Barding Armor
53:16 Elite Battle Elephant
56:57 Caravan
70:43 Chain Mail Armor
71:03 Iron Casting
70:17 Arson
69:53 Halberdier
69:55 Man-at-Arms
71:00 Guilds
e.v.johnson
15:17 Feudal Age
16:48 Wheelbarrow
16:07 Loom
16:34 Horse Collar
17:40 Double-Bit Axe
27:52 Castle Age
28:23 Town Watch
28:46 Stone Mining
29:48 Fishing Lines
37:35 Gillnets
41:43 Treadmill Crane
42:00 Murder Holes
42:26 Ballistics
47:57 Town Patrol
48:30 Redemption
50:10 Fletching
56:57 Hand Cart
61:25 Guard Tower
65:06 Imperial Age
65:52 Bodkin Arrow
66:08 Forging
65:59 Scale Mail Armor
68:44 Chemistry
70:46 Conscription
71:11 Keep
翻斗花园突击手刷子fores
9:39 Loom
15:59 Feudal Age
16:59 Double-Bit Axe
25:16 Castle Age
28:44 Medium Warships
31:06 Elite Skirmisher
33:12 Wheelbarrow
33:32 Horse Collar
34:47 Thumb Ring
36:05 Fletching
39:29 Imperial Age
38:44 Pikeman
40:19 Bodkin Arrow
40:42 Forging
40:38 Scale Barding Armor
41:04 Fishing Lines
42:03 Bow Saw
41:26 Imperial Skirmisher
42:37 Heavy Plow
46:58 Padded Archer Armor
47:19 Chain Barding Armor
47:35 Iron Casting
46:56 Bodkin Arrow
47:34 Squires
46:54 Halberdier
49:12 Gold Mining
50:10 Crop Rotation
51:11 Husbandry
51:58 Plate Barding Armor
51:27 Bracer
51:44 Leather Archer Armor
51:31 Scale Mail Armor
52:17 Heavy Camel Rider
54:21 Gold Shaft Mining
53:25 Capped Ram
54:37 Ballistics
55:17 Chemistry
54:15 Murder Holes
54:45 Gillnets
54:27 Siege Ram
58:18 Hand Cart
59:44 Conscription
60:33 Caravan
61:54 Elite Cataphract
62:53 Logistica
65:48 Onager
70:19 Ring Archer Armor
70:05 Chain Mail Armor
Connection lost

Rejoining the realm…

Still unreachable

The connection could not be restored.

Session expired

The server has moved on; the page needs a fresh start.